TOP OF THE 1ST |
West Michigan Whitecaps batting - Pitching for Bowling Green Hot Rods : RHP Jose Robles
|
Pitching: RHP Jose Robles
|
|
Batting: SHB Adam Weber
|
0-0: Called Strike 0-1: Foul Ball, location: 2F 0-2: Ball 1-2: Ball 2-2: Strikes out swinging
|
Batting: RHB Jon Pierce
|
0-0: Called Strike 0-1: Called Strike 0-2: Ball 1-2: Strikes out swinging
|
Batting: RHB Aaron Cusick
|
0-0: Ground out 6-3 (Groundball, 6, EV 80.6 MPH)
|
Top of the 1st over - 0 runs, 0 hits, 0 errors, 0 left on base; West Michigan 0 - Bowling Green 0 |
BOTTOM OF THE 1ST |
Bowling Green Hot Rods batting - Pitching for West Michigan Whitecaps : RHP Jason Mucci
|
Pitching: RHP Jason Mucci
|
|
Batting: RHB Jonathan Fraire
|
0-0: Ball 1-0: Called Strike 1-1: Ball 2-1: Ball 3-1: Called Strike 3-2: Ground out 5-3 (Groundball, 56, EV 100.0 MPH)
|
Batting: LHB Mark Marvin
|
0-0: Ground out 4-3 (Groundball, 4M, EV 106.9 MPH)
|
Batting: SHB Lou Kroneman
|
0-0: Fly out, F9 (Line Drive, 9D, EV 92.5 MPH)
|
Bottom of the 1st over - 0 runs, 0 hits, 0 errors, 0 left on base; West Michigan 0 - Bowling Green 0 |
TOP OF THE 2ND |
West Michigan Whitecaps batting - Pitching for Bowling Green Hot Rods : RHP Jose Robles
|
Batting: SHB Sean Foley
|
0-0: Ball 1-0: Fly out, F8 (Line Drive, 8LD, EV 91.9 MPH)
|
Batting: LHB Oscar Gonzalez
|
0-0: Foul Ball, location: 2F 0-1: Foul Ball, location: 2F 0-2: Ground out 4-3 (Groundball, 13, EV 84.4 MPH)
|
Batting: RHB Vince Chipman
|
0-0: Ground out 5-3 (Groundball, 56S, EV 88.8 MPH)
|
Top of the 2nd over - 0 runs, 0 hits, 0 errors, 0 left on base; West Michigan 0 - Bowling Green 0 |
BOTTOM OF THE 2ND |
Bowling Green Hot Rods batting - Pitching for West Michigan Whitecaps : RHP Jason Mucci
|
Batting: RHB David Ward
|
0-0: Ball 1-0: Called Strike 1-1: Swinging Strike 1-2: Ball 2-2: Ball 3-2: Ground out 4-3 (Groundball, 4S, EV 72.5 MPH)
|
Batting: RHB Freddy Mullen
|
0-0: Ball 1-0: Swinging Strike 1-1: Ball 2-1: Foul Ball, location: 2F 2-2: Ground out U3 (Groundball, 3S, EV 85.6 MPH)
|
Batting: LHB Jimmy Detrie
|
0-0: Called Strike 0-1: Swinging Strike 0-2: Foul Ball, location: 2F 0-2: Foul Ball, location: 2F 0-2: Ground out 5-3 (Groundball, 5, EV 89.4 MPH)
|
Bottom of the 2nd over - 0 runs, 0 hits, 0 errors, 0 left on base; West Michigan 0 - Bowling Green 0 |
TOP OF THE 3RD |
West Michigan Whitecaps batting - Pitching for Bowling Green Hot Rods : RHP Jose Robles
|
Batting: RHB Dusty Newman
|
0-0: Ball 1-0: Ground out 5-3 (Groundball, 56, EV 99.4 MPH)
|
Batting: LHB Jeff Trapp
|
0-0: Foul Ball, location: 2F 0-1: Ball 1-1: Ball 2-1: Ball 3-1: DOUBLE (Groundball, 3L, EV 103.1 MPH)
|
Batting: RHB Sergio Valbuena
|
0-0: Foul Ball, location: 2F 0-1: Foul Ball, location: 2F 0-2: Ball 1-2: Strikes out swinging
|
Batting: SHB Adam Weber
|
0-0: Ball 1-0: Called Strike 1-1: Called Strike 1-2: SINGLE (Groundball, 5S, EV 66.3 MPH) (infield hit) Jeff Trapp to third
|
Batting: RHB Jon Pierce
|
0-0: Ball 1-0: Ball 2-0: Called Strike 2-1: Called Strike 2-2: Ball 3-2: Strikes out swinging
|
Top of the 3rd over - 0 runs, 2 hits, 0 errors, 2 left on base; West Michigan 0 - Bowling Green 0 |
BOTTOM OF THE 3RD |
Bowling Green Hot Rods batting - Pitching for West Michigan Whitecaps : RHP Jason Mucci
|
Batting: SHB Julio Hernandez
|
0-0: Foul Ball, location: 2F 0-1: Ball 1-1: Foul Ball, location: 2F 1-2: Ball 2-2: Ball 3-2: Foul Ball, location: 2F 3-2: Base on Balls
|
Batting: RHB Azedine Kirui
|
0-0: Ball Julio Hernandez steals 2nd base (no throw) 1-0: Fly out, F9 (Flyball, 89M, EV 74.4 MPH)
|
Batting: RHB Chris Glavin
|
0-0: Ball Julio Hernandez steals 3rd, throwing error, E2 Julio Hernandez scores 1-0: Ball 2-0: Foul Ball, location: 2F 2-1: Foul Ball, location: 2F 2-2: Ball 3-2: Base on Balls
|
Batting: RHB Jonathan Fraire
|
0-0: Called Strike 0-1: Called Strike 0-2: Ball 1-2: Fly out, F7 (Flyball, 7, EV 86.9 MPH)
|
Batting: LHB Mark Marvin
|
0-0: Called Strike Chris Glavin steals 2nd, throwing error, E2 Chris Glavin to third 0-1: Ball 1-1: Ball 2-1: Ball 3-1: Base on Balls
|
Batting: SHB Lou Kroneman
|
0-0: Ball 1-0: Foul Ball, location: 2F 1-1: Foul Ball, location: 2F 1-2: Ball 2-2: Foul Ball, location: 2F 2-2: Fly out, F6 (Popup, 6M, EV 70.6 MPH)
|
Bottom of the 3rd over - 1 run, 0 hits, 2 errors, 2 left on base; West Michigan 0 - Bowling Green 1 |
TOP OF THE 4TH |
West Michigan Whitecaps batting - Pitching for Bowling Green Hot Rods : RHP Jose Robles
|
Batting: RHB Aaron Cusick
|
0-0: Ball 1-0: Ball 2-0: Ball 3-0: Called Strike 3-1: Ground out U3 (Groundball, 3, EV 88.1 MPH)
|
Batting: SHB Sean Foley
|
0-0: Ball 1-0: Ball 2-0: Fly out, F7 (Flyball, 78D, EV 93.8 MPH)
|
Batting: LHB Oscar Gonzalez
|
0-0: Ball 1-0: Swinging Strike 1-1: Foul Ball, location: 2F 1-2: Foul Ball, location: 2F 1-2: Strikes out swinging
|
Top of the 4th over - 0 runs, 0 hits, 0 errors, 0 left on base; West Michigan 0 - Bowling Green 1 |
BOTTOM OF THE 4TH |
Bowling Green Hot Rods batting - Pitching for West Michigan Whitecaps : RHP Jason Mucci
|
Batting: RHB David Ward
|
0-0: Foul Ball, location: 2F 0-1: DOUBLE (Flyball, 78D, EV 108.1 MPH)
|
Batting: RHB Freddy Mullen
|
0-0: Foul Ball, location: 2F 0-1: Fly out, F7 (Flyball, 7D, EV 98.1 MPH) Runner from 2nd tags up, SAFE at 3rd, no throw by LF
|
Batting: LHB Jimmy Detrie
|
0-0: Swinging Strike 0-1: Ground out 6-3 (Groundball, 6, EV 105.0 MPH) David Ward scores
|
Batting: SHB Julio Hernandez
|
0-0: Ground out U3 (Groundball, 3, EV 87.5 MPH)
|
Bottom of the 4th over - 1 run, 1 hit, 0 errors, 0 left on base; West Michigan 0 - Bowling Green 2 |
TOP OF THE 5TH |
West Michigan Whitecaps batting - Pitching for Bowling Green Hot Rods : RHP Jose Robles
|
Batting: RHB Vince Chipman
|
0-0: Called Strike 0-1: Ball 1-1: Ball 2-1: Ground out 6-3 (Groundball, 6, EV 99.4 MPH)
|
Batting: RHB Dusty Newman
|
0-0: Ball 1-0: Called Strike 1-1: SINGLE (Groundball, 6MD, EV 94.4 MPH)
|
Batting: LHB Jeff Trapp
|
0-0: Ball 1-0: Called Strike 1-1: Ball Wild Pitch! Dusty Newman to second 2-1: Ball 3-1: Swinging Strike 3-2: Strikes out swinging
|
Batting: RHB Sergio Valbuena
|
0-0: Ball 1-0: DOUBLE (Line Drive, 8LXD, EV 98.8 MPH) Dusty Newman scores
|
Batting: SHB Adam Weber
|
0-0: Foul Ball, location: 2F 0-1: Ball 1-1: Ball 2-1: Foul Ball, location: 2F 2-2: Ball 3-2: Ground out 4-3 (Groundball, 4S, EV 65.0 MPH)
|
Top of the 5th over - 1 run, 2 hits, 0 errors, 1 left on base; West Michigan 1 - Bowling Green 2 |
BOTTOM OF THE 5TH |
Bowling Green Hot Rods batting - Pitching for West Michigan Whitecaps : RHP Jason Mucci
|
Batting: RHB Azedine Kirui
|
0-0: DOUBLE (Line Drive, 89D, EV 105.6 MPH)
|
Batting: RHB Chris Glavin
|
0-0: Ball Passed Ball! Azedine Kirui to third 1-0: Ball 2-0: Ball 3-0: Called Strike 3-1: Foul Ball, location: 2F 3-2: Base on Balls
|
Batting: RHB Jonathan Fraire
|
0-0: Foul Ball, location: 2F 0-1: Called Strike 0-2: Ball 1-2: Foul Ball, location: 2F 1-2: Ball 2-2: Strikes out looking
|
Batting: LHB Mark Marvin
|
0-0: Fly out, F8 (Flyball, 8RD, EV 85.6 MPH)
|
Batting: SHB Lou Kroneman
|
0-0: Ball 1-0: Called Strike 1-1: SINGLE (Flyball, 78S, EV 90.0 MPH) Azedine Kirui scores Chris Glavin to second
|
Batting: RHB David Ward
|
0-0: Ball 1-0: Ball 2-0: Ball 3-0: Base on Balls Chris Glavin to third Lou Kroneman to second
|
Pitching: LHP Bryan Gagnon
|
|
Batting: RHB Freddy Mullen
|
0-0: Ball 1-0: Fielders Choice at 2nd, 6-4 (Groundball, 6, EV 110.0 MPH)
|
Bottom of the 5th over - 1 run, 2 hits, 0 errors, 3 left on base; West Michigan 1 - Bowling Green 3 |
TOP OF THE 6TH |
West Michigan Whitecaps batting - Pitching for Bowling Green Hot Rods : RHP Jose Robles
|
Batting: RHB Jon Pierce
|
0-0: Ball 1-0: Ball 2-0: Foul Ball, location: 2F 2-1: Swinging Strike 2-2: Reached via error on a dropped throw from 1B, E1 (Groundball, 34, EV 85.0 MPH)
|
Batting: RHB Aaron Cusick
|
0-0: Ball 1-0: Fly out, F7 (Line Drive, 7, EV 91.9 MPH)
|
Batting: SHB Sean Foley
|
0-0: Foul Ball, location: 2F 0-1: SINGLE (Groundball, 34D, EV 98.8 MPH) (infield hit) Jon Pierce to second
|
Batting: LHB Oscar Gonzalez
|
0-0: Ball 1-0: Called Strike 1-1: Foul Ball, location: 2F 1-2: Fielders Choice at 2nd, 4-6 (Groundball, 4, EV 108.1 MPH) Jon Pierce to third
|
Batting: RHB Vince Chipman
|
0-0: Ball 1-0: Fielders Choice at 2nd, 6-4 (Groundball, 6, EV 87.5 MPH)
|
Top of the 6th over - 0 runs, 1 hit, 1 error, 2 left on base; West Michigan 1 - Bowling Green 3 |
BOTTOM OF THE 6TH |
Bowling Green Hot Rods batting - Pitching for West Michigan Whitecaps : LHP Bryan Gagnon
|
Batting: LHB Jimmy Detrie
|
0-0: Called Strike 0-1: Ball 1-1: SINGLE (Flyball, 56D, EV 90.6 MPH)
|
Batting: SHB Julio Hernandez
|
0-0: Ball 1-0: Foul Ball, location: 2F 1-1: Grounds into double play, 5-4-3 (Groundball, 5, EV 91.9 MPH)
|
Batting: RHB Azedine Kirui
|
0-0: Ball 1-0: Fly out, F9 (Flyball, 9S, EV 86.9 MPH)
|
Bottom of the 6th over - 0 runs, 1 hit, 0 errors, 0 left on base; West Michigan 1 - Bowling Green 3 |
TOP OF THE 7TH |
West Michigan Whitecaps batting - Pitching for Bowling Green Hot Rods : RHP Jose Robles
|
Batting: RHB Dusty Newman
|
0-0: Ball 1-0: SINGLE (Groundball, 6MD, EV 108.1 MPH)
|
Batting: LHB Jeff Trapp
|
0-0: Ball 1-0: Ball 2-0: Bunted foul 2-1: Bunted foul 2-2: Foul Ball, location: 2F 2-2: TRIPLE (Flyball, 7D, EV 107.5 MPH) Dusty Newman scores
|
Batting: RHB Sergio Valbuena
|
0-0: Called Strike 0-1: Swinging Strike 0-2: Foul Ball, location: 2F 0-2: Ball 1-2: Ground out 5-3 (Groundball, 25, EV 88.1 MPH)
|
Batting: SHB Adam Weber
|
0-0: Called Strike 0-1: Ball 1-1: Ball 2-1: Ball Wild Pitch! Jeff Trapp scores 3-1: Base on Balls
|
Pitching: RHP Nate Russano
|
|
Batting: RHB Jon Pierce
|
0-0: Ball Adam Weber is caught stealing 2nd base 2-4 1-0: Called Strike 1-1: Foul Ball, location: 2F 1-2: Strikes out swinging
|
Top of the 7th over - 2 runs, 2 hits, 0 errors, 0 left on base; West Michigan 3 - Bowling Green 3 |
BOTTOM OF THE 7TH |
Bowling Green Hot Rods batting - Pitching for West Michigan Whitecaps : LHP Bryan Gagnon
|
Batting: RHB Chris Glavin
|
0-0: Ball 1-0: Ball 2-0: Called Strike 2-1: Ground out 4-3 (Groundball, 4, EV 86.3 MPH)
|
Batting: RHB Jonathan Fraire
|
0-0: Ball 1-0: Ball 2-0: Foul Ball, location: 2F 2-1: Called Strike 2-2: Foul Ball, location: 2F 2-2: Ball 3-2: SINGLE (Line Drive, 56D, EV 99.4 MPH)
|
Batting: LHB Mark Marvin
|
0-0: Foul Ball, location: 2F 0-1: Ball Jonathan Fraire is caught stealing 2nd base 2-6 1-1: Ball 2-1: Ball 3-1: Foul Ball, location: 2F 3-2: Fly out, F9 (Line Drive, 9, EV 91.3 MPH)
|
Bottom of the 7th over - 0 runs, 1 hit, 0 errors, 0 left on base; West Michigan 3 - Bowling Green 3 |
TOP OF THE 8TH |
West Michigan Whitecaps batting - Pitching for Bowling Green Hot Rods : RHP Nate Russano
|
Batting: RHB Aaron Cusick
|
0-0: Called Strike 0-1: Called Strike 0-2: Foul Ball, location: 2F 0-2: Ball 1-2: Fly out, F7 (Flyball, 7LS, EV 91.3 MPH)
|
Batting: SHB Sean Foley
|
0-0: Ground out 6-3 (Groundball, 6, EV 99.4 MPH)
|
Batting: LHB Oscar Gonzalez
|
0-0: Fly out, F9 (Flyball, 9LS, EV 74.4 MPH)
|
Top of the 8th over - 0 runs, 0 hits, 0 errors, 0 left on base; West Michigan 3 - Bowling Green 3 |
BOTTOM OF THE 8TH |
Bowling Green Hot Rods batting - Pitching for West Michigan Whitecaps : LHP Bryan Gagnon
|
Pitching: RHP Matt Sturge
|
|
Batting: SHB Lou Kroneman
|
0-0: Called Strike 0-1: Ball 1-1: Ground out 2-3 (Groundball, 15S, EV 66.3 MPH)
|
Batting: RHB David Ward
|
0-0: Swinging Strike 0-1: Called Strike 0-2: Ball 1-2: Foul Ball, location: 2F 1-2: Ball 2-2: Ball 3-2: SINGLE (Flyball, 5D, EV 93.8 MPH)
|
Batting: RHB Freddy Mullen
|
0-0: Called Strike 0-1: Ball 1-1: Ball 2-1: Fly out, F8 (Flyball, 8RD, EV 88.1 MPH)
|
Batting: LHB Jimmy Detrie
|
0-0: Ground out 6-3 (Groundball, 6S, EV 83.8 MPH)
|
Bottom of the 8th over - 0 runs, 1 hit, 0 errors, 1 left on base; West Michigan 3 - Bowling Green 3 |
TOP OF THE 9TH |
West Michigan Whitecaps batting - Pitching for Bowling Green Hot Rods : RHP Nate Russano
|
Pitching: RHP Al Speer
|
|
Batting: RHB Vince Chipman
|
0-0: Ball 1-0: Ball 2-0: Foul Ball, location: 2F 2-1: Foul Ball, location: 2F 2-2: Ground out 3-1 (Groundball, 34, EV 106.9 MPH)
|
Batting: RHB Dusty Newman
|
0-0: Ball 1-0: Ball 2-0: Ball 3-0: Called Strike 3-1: DOUBLE (Line Drive, 9LM, EV 109.4 MPH)
|
Batting: LHB Jeff Trapp
|
0-0: Foul Ball, location: 2F 0-1: Ground out 4-3 (Groundball, 4, EV 81.3 MPH) Dusty Newman to third
|
Batting: RHB Sergio Valbuena
|
0-0: Called Strike 0-1: Ball 1-1: Fly out, F8 (Flyball, 8RXD, EV 102.5 MPH)
|
Top of the 9th over - 0 runs, 1 hit, 0 errors, 1 left on base; West Michigan 3 - Bowling Green 3 |
BOTTOM OF THE 9TH |
Bowling Green Hot Rods batting - Pitching for West Michigan Whitecaps : RHP Matt Sturge
|
Batting: SHB Julio Hernandez
|
0-0: Ground out 3-1 (Groundball, 34, EV 88.1 MPH)
|
Batting: RHB Azedine Kirui
|
0-0: Ball 1-0: Called Strike 1-1: Foul Ball, location: 2F 1-2: DOUBLE (Line Drive, 9LM, EV 106.9 MPH)
|
Pinch Hitting: SHB Wayne Hattan
|
0-0: Foul Ball, location: 2F 0-1: Foul Ball, location: 2F 0-2: Strikes out swinging
|
Batting: RHB Jonathan Fraire
|
0-0: Called Strike 0-1: Foul Ball, location: 2F 0-2: Ball 1-2: Ball 2-2: Foul Ball, location: 2F 2-2: Ball 3-2: Base on Balls
|
Batting: LHB Mark Marvin
|
0-0: Foul Ball, location: 2F 0-1: Ball 1-1: Ball 2-1: Ball 3-1: Fly out, F7 (Flyball, 78D, EV 93.8 MPH)
|
Bottom of the 9th over - 0 runs, 1 hit, 0 errors, 2 left on base; West Michigan 3 - Bowling Green 3 |
TOP OF THE 10TH |
West Michigan Whitecaps batting - Pitching for Bowling Green Hot Rods : RHP Al Speer
|
Now at 1B: Wayne Hattan
|
|
Now at 2B: David Ward
|
|
Now at SS: Lou Kroneman
|
|
Batting: SHB Adam Weber
|
0-0: Ball 1-0: Ground out 4-3 (Groundball, 4, EV 99.4 MPH)
|
Batting: RHB Jon Pierce
|
0-0: Ball 1-0: Ball 2-0: Ball 3-0: Called Strike 3-1: Base on Balls
|
Batting: RHB Aaron Cusick
|
0-0: Foul Ball, location: 2F 0-1: Ball 1-1: Ball 2-1: Ground out 3-1 (Groundball, 34S, EV 71.9 MPH) Jon Pierce to second
|
Batting: SHB Sean Foley
|
0-0: Called Strike 0-1: Called Strike 0-2: Foul Ball, location: 2F 0-2: Ground out 1-3 (Groundball, 13S, EV 66.9 MPH)
|
Top of the 10th over - 0 runs, 0 hits, 0 errors, 1 left on base; West Michigan 3 - Bowling Green 3 |
BOTTOM OF THE 10TH |
Bowling Green Hot Rods batting - Pitching for West Michigan Whitecaps : RHP Matt Sturge
|
Pitching: RHP Stacey Kerssies
|
|
Batting: SHB Lou Kroneman
|
0-0: Foul Ball, location: 2F 0-1: Ball 1-1: Ball 2-1: SINGLE (Groundball, 6MS, EV 76.3 MPH) (infield hit)
|
Batting: RHB David Ward
|
0-0: Called Strike 0-1: SINGLE (Groundball, 4MD, EV 103.1 MPH) Lou Kroneman to second
|
Batting: RHB Freddy Mullen
|
0-0: Grounds into double play, 2-4-3 (Groundball, 2L, EV 69.4 MPH) Lou Kroneman to third
|
Batting: LHB Jimmy Detrie
|
0-0: Called Strike 0-1: Swinging Strike 0-2: Strikes out swinging
|
Bottom of the 10th over - 0 runs, 2 hits, 0 errors, 1 left on base; West Michigan 3 - Bowling Green 3 |
TOP OF THE 11TH |
West Michigan Whitecaps batting - Pitching for Bowling Green Hot Rods : RHP Al Speer
|
Batting: LHB Oscar Gonzalez
|
0-0: Called Strike 0-1: Ball 1-1: Ball 2-1: Foul Ball, location: 2F 2-2: Ball 3-2: Foul Ball, location: 2F 3-2: Base on Balls
|
Batting: RHB Vince Chipman
|
0-0: Ball 1-0: Sac Bunt to 15S - play at first, batter OUT! 1-4 Oscar Gonzalez to second
|
Batting: RHB Dusty Newman
|
0-0: Ground out U3 (Groundball, 34S, EV 75.6 MPH) Oscar Gonzalez to third
|
Batting: LHB Jeff Trapp
|
0-0: Ball 1-0: Foul Ball, location: 2F 1-1: Ball 2-1: Swinging Strike 2-2: Foul Ball, location: 2F 2-2: Ball 3-2: SINGLE (Groundball, 34D, EV 103.8 MPH) Oscar Gonzalez scores
|
Batting: RHB Sergio Valbuena
|
0-0: Ball 1-0: DOUBLE (Line Drive, 3D, EV 97.5 MPH) Jeff Trapp to third Runner from 3rd tries for Home, SAFE, no throw by RF
|
Pitching: LHP Brian Kelly
|
|
Batting: SHB Adam Weber
|
0-0: Called Strike 0-1: Swinging Strike 0-2: Ball 1-2: Foul Ball, location: 2F 1-2: Ball 2-2: Foul Ball, location: 2F 2-2: Ball 3-2: Fly out, F3 (Popup, 34, EV 71.3 MPH)
|
Top of the 11th over - 2 runs, 2 hits, 0 errors, 1 left on base; West Michigan 5 - Bowling Green 3 |
BOTTOM OF THE 11TH |
Bowling Green Hot Rods batting - Pitching for West Michigan Whitecaps : RHP Stacey Kerssies
|
Now at 1B: Victor Reyes
|
|
Batting: SHB Julio Hernandez
|
0-0: Ball 1-0: Swinging Strike 1-1: Ground out 3-1 (Groundball, 34S, EV 78.8 MPH)
|
Batting: RHB Azedine Kirui
|
0-0: Called Strike 0-1: Swinging Strike 0-2: Strikes out swinging
|
Batting: SHB Wayne Hattan
|
0-0: Reached on error, E5 (Groundball, 5, EV 82.5 MPH)
|
Batting: RHB Jonathan Fraire
|
0-0: Called Strike 0-1: Fly out, F8 (Flyball, 78M, EV 96.3 MPH)
|
Bottom of the 11th over - 0 runs, 0 hits, 1 error, 1 left on base; West Michigan 5 - Bowling Green 3 |
|